 Dungeon Crawl Stone Soup version 0.19.0-24-gb05acd6 (webtiles) character file.

396 Television the Slasher (level 6, 0/46 HPs)
             Began as a High Elf Berserker on Nov 20, 2016.
             Was a Believer of Trog.
             Slain by a quokka (4 damage)
             ... on level 4 of the Dungeon.
             The game lasted 00:05:52 (3219 turns).

Television the Slasher (High Elf Berserker)         Turns: 3219, Time: 00:05:53

Health: 0/46       AC:  7    Str: 18    XL:     6   Next: 52%
Magic:  7/7        EV: 10    Int: 12    God:    Trog [**....]
Gold:   143        SH:  0    Dex: 14    Spells: 0 memorised, 5 levels left

rFire  . . .     SeeInvis .     a - +0 falchion
rCold  . . .     Gourm    .     s - +0 scale mail
rNeg   . . .     Faith    .     (no shield)
rPois  .         Spirit   .     (no helmet)
rElec  .         Reflect  .     (no cloak)
rCorr  .         Harm     .     l - +0 pair of gloves
MR     .....                    (no boots)
Stlth  ..........               (no amulet)
                                (no ring)
                                (no ring)

@: exhausted, slowed, very slow
A: no striking features
a: Berserk, Trog's Hand, Burn Spellbooks, Renounce Religion


You were on level 4 of the Dungeon.
You worshipped Trog.
Trog was pleased with you.
You were near starving.

You visited 1 branch of the dungeon, and saw 4 of its levels.

You collected 143 gold pieces.

Inventory:

Hand Weapons
 a - a +0 falchion (weapon)
Missiles
 r - 2 throwing nets (quivered)
Armour
 l - a +0 pair of gloves (worn)
 s - a +0 scale mail (worn)
Scrolls
 b - 3 scrolls of random uselessness {unknown}
 d - 4 scrolls of identify {unknown}
 e - 2 scrolls of remove curse {unknown}
 h - 2 scrolls of magic mapping {unknown}
 o - 2 scrolls of teleportation {unknown}
 t - 2 scrolls of recharging {unknown}
Potions
 g - a potion of berserk rage {unknown}
 i - a potion of might {unknown}
 k - a potion of flight {unknown}
 n - a potion of haste {unknown}
 p - 2 potions of cancellation {unknown}
 v - a potion of degeneration {unknown}
 w - a potion of heal wounds {unknown}
Comestibles
 c - 2 bread rations
 f - a meat ration
 m - 4 beef jerkies
 q - 2 slices of pizza
 u - a chunk of flesh


   Skills:
 + Level 5.8 Fighting
 + Level 6.6 Long Blades
 - Level 1.7 Armour
 - Level 2.1 Dodging


You had 5 spell levels left.
You didn't know any spells.

Dungeon Overview and Level Annotations

Branches:
Dungeon (4/15)
 Temple: D:4-7

Altars:


Message History

CcS's ghost is severely damaged.
CcS's ghost barely misses you. CcS's ghost hits you.
You hit CcS's ghost.
CcS's ghost is severely damaged.
CcS's ghost hits you.
* * * LOW HITPOINT WARNING * * *
You hit CcS's ghost.
CcS's ghost is almost destroyed.
CcS's ghost barely misses you. CcS's ghost hits you!
* * * LOW HITPOINT WARNING * * *
You slash CcS's ghost!
You destroy CcS's ghost!
Trog accepts your kill.
You have reached level 6!
Your experience leads to an increase in your attributes!
Increase (S)trength, (I)ntelligence, or (D)exterity?
You feel stronger.
You feel clever.
The quokka bites you but does no damage.
You hit the quokka but do no damage. The quokka bites you.
You die...

..... #.... ...
## ... ... #.#
... #.# ..
####r##.#
#...@†..#
#########.##.####
#....<....##.#
#.........#...
#..............
#.........#.....
#.........#....##
###########....#
#....#


You could see a quokka.

Vanquished Creatures
  The ghost of CcS the Chopper, an amateur MiFi (D:4)
  An ice beast (D:3)
  An iguana (D:4)
  An orc wizard (D:3)
  3 adders
  An adder skeleton (D:3)
  3 worms
  2 dart slugs
  5 leopard geckos
  5 orcs (D:3)
  9 bats
  4 giant cockroaches
  6 hobgoblins
  3 quokkas (D:3)
  9 frilled lizards
  4 goblins
  6 kobolds
  11 rats
75 creatures vanquished.

Notes
Turn   | Place    | Note
-------+----------+-------------------------------------------
     0 | D:1      | Television the High Elf Berserker began the quest for the Orb.
     0 | D:1      | Reached XP level 1. HP: 16/16 MP: 2/2
   348 | D:1      | Reached XP level 2. HP: 20/21 MP: 3/3
   409 | D:1      | Reached skill level 4 in Long Blades
   856 | D:2      | Reached XP level 3. HP: 27/27 MP: 4/4
   985 | D:2      | Reached ** piety under Trog
  1716 | D:3      | Found a faded altar of an unknown god.
  1722 | D:3      | Reached XP level 4. HP: 33/33 MP: 5/5
  1917 | D:3      | Reached skill level 5 in Long Blades
  1958 | D:3      | Noticed an ice beast
  1976 | D:3      | Killed an ice beast
  1976 | D:3      | Reached skill level 5 in Fighting
  1976 | D:3      | Reached XP level 5. HP: 26/39 MP: 6/6
  2964 | D:4      | Reached skill level 6 in Long Blades
  3190 | D:4      | Noticed CcS's ghost (amateur MiFi)
  3218 | D:4      | Killed CcS's ghost
  3218 | D:4      | Reached XP level 6. HP: 4/46 MP: 7/7
  3219 | D:4      | Slain by a quokka

Skill      XL: |  1  2  3  4  5 |
---------------+----------------+-----
Long Blades    | 4 5 6 |  6.6
Fighting       | 4 5 |  5.8
Armour         | |  1.7
Dodging        | |  2.1

Action                   |  1- 3 |  4- 6 || total
-------------------------+-------+-------++-------
Melee: Falchion          |   103 |   151 ||   254
Throw: Throwing net      |       |     1 ||     1
Invok: Berserk           |     2 |     4 ||     6
       Trog's Hand       |       |     1 ||     1
  Use: Potion            |       |     2 ||     2
 Stab: Sleeping          |     1 |       ||     1
       Held in net/web   |       |     1 ||     1
  Eat: Chunk             |     4 |     8 ||    12
Armor: Ring mail         |    35 |       ||    35
       Animal skin       |     1 |       ||     1
       Scale mail        |       |    52 ||    52
Dodge: Dodged            |    70 |    73 ||   143
       Rpst.: Falchion   |    24 |    26 ||    50
